 Dungeon Crawl Stone Soup version 0.24-a0-408-gcc1054c (webtiles) character file.

Game seed: 16810457233474818635

104937 Darkshadow the Bludgeoner (level 15, -7/146 HPs)
             Began as a Minotaur Berserker on June 5, 2019.
             Was a High Priest of Trog.
             Mangled by a mana viper (13 damage)
             ... on level 3 of the Snake Pit.
             The game lasted 01:26:12 (26757 turns).

Darkshadow the Bludgeoner (Minotaur Berserker)     Turns: 26757, Time: 01:26:13

Health: -7/146     AC: 32    Str: 21    XL:     15   Next: 93%
Magic:  1/12       EV: 10    Int: 12    God:    Trog [*****.]
Gold:   2024       SH: 19    Dex: 13    Spells: 14/14 levels left

rFire    . . .     SeeInvis +   t - +8 morningstar of Benevolence {crush, +Rage SInv}
rCold    + + .     Gourm    .   l - +0 shield
rNeg     . . .     Faith    .   v - +8 ice dragon scales of the Jolly Spirits {rF- rC++ Regen+ Str-4 Int+8}
rPois    +         Spirit   .   (helmet restricted)
rElec    .         Reflect  +   d - +2 cloak
rCorr    .         Harm     .   w - +0 pair of gloves
MR       +++..                  g - +2 pair of boots {Fly}
Stlth    ..........             U - +5 amulet of reflection
HPRegen  1.74/turn              e - ring "Peff" {rPois rC+}
MPRegen  0.13/turn              T - ring of fire

@: lethally poisoned (-7 -> -8), about to teleport, flying, regenerating,
constricted
A: retaliatory headbutt, horns 2, low mp 1
a: Berserk, Trog's Hand, Brothers in Arms, Renounce Religion, Evoke Berserk
Rage, Stop Flying


You were on level 3 of the Snake Pit.
You worshipped Trog.
Trog was extremely pleased with you.
You were hungry.

You visited 4 branches of the dungeon, and saw 25 of its levels.
You also visited: Ice Cave.

You collected 2233 gold pieces.
You spent 209 gold pieces at shops.

Inventory:

Hand Weapons
 o - a +0 morningstar
 t - the +8 morningstar of Benevolence (weapon) {crush, +Rage SInv}
   (Trog gifted it to you on level 2 of the Orcish Mines)

   It inflicts extra damage upon your enemies.
   It lets you see invisible.
   It lets you go berserk.
 A - a +3 antimagic eveningstar
 M - the +2 flail of Abuse {speed, *Contam rF+++ rN+ Int+3}
   (You found it on level 9 of the Dungeon)

   Attacks with this weapon are significantly faster.
   It affects your intelligence (+3).
   It renders you almost immune to fire.
   It protects you from negative energy.
   It causes magical contamination when unequipped.
 X - a +1 antimagic dire flail
Armour
 d - a +2 cloak (worn)
 g - a +2 pair of boots of flying (worn)
 l - a +0 shield (worn)
 v - the +8 ice dragon scales of the Jolly Spirits (worn) {rF- rC++ Regen+ Str-4 Int+8}
   (You found it in an ice cave)

   It affects your strength (-4).
   It affects your intelligence (+8).
   It makes you vulnerable to fire.
   It greatly protects you from cold.
   It increases your rate of regeneration.
 w - a +0 pair of gloves (worn)
Jewellery
 e - the ring "Peff" (left hand) {rPois rC+}
   (You found it on level 6 of the Lair of Beasts)

   [ring of protection from cold]

   It protects you from cold.
   It protects you from poison.
 x - an uncursed ring of stealth
 J - an uncursed ring of protection from magic
 T - a ring of fire (right hand)
 U - a +5 amulet of reflection (around neck)
 V - a +3 ring of slaying
Wands
 B - a wand of acid (9)
 E - a wand of digging (7)
 O - a wand of iceblast (10)
Scrolls
 a - 2 scrolls of fear
 b - 10 scrolls of remove curse {@r2}
 h - 14 scrolls of identify {@r1}
 i - 10 scrolls of teleportation
 k - a scroll of enchant weapon {unknown}
 n - 6 scrolls of enchant armour
 r - a scroll of holy word {unknown}
 s - 2 scrolls of magic mapping
 u - a scroll of noise {unknown}
 z - a scroll of vulnerability {unknown}
 G - 4 scrolls of fog
 I - a scroll of summoning {unknown}
 L - a scroll of torment
 N - a scroll of acquirement {unknown}
 W - a scroll of blinking {unknown}
Potions
 f - 4 potions of flight
 j - 7 potions of curing {@q1}
 m - 5 potions of lignification
 p - 5 potions of haste
 q - 4 potions of might
 C - 2 potions of heal wounds
 H - 3 potions of agility
 K - a potion of resistance {unknown}
 P - 4 potions of brilliance
 Q - 3 potions of cancellation
 R - a potion of ambrosia {unknown}
 Y - 2 potions of mutation
Comestibles
 c - 21 rations
 D - 2 chunks of flesh


   Skills:
 * Level 16.9 Fighting
 - Level 18.3 Maces & Flails
 + Level 15.1 Armour
 + Level 6.4 Dodging
 - Level 15.0 Shields


You had 14 spell levels left.
You didn't know any spells.
Your spell library was empty.

Dungeon Overview and Level Annotations

Branches:
Dungeon (14/15)            Temple (0/1) D:5            Lair (6/6) D:9
 Shoals (0/4) Lair:2        Snake (3/4) Lair:3        Slime (0/5) Lair:6
    Orc (2/2) D:12            Elf (0/3) Orc:2
 Vaults: D:13-14

Altars:
Ashenzari
Fedhas
Gozag
Kikubaaqudgha
Makhleb
Vehumet
Xom
The Shining One
Beogh
Jiyva

Shops:
D:7 ==:[   Orc:2 ![:}   Snake:1 }=}(

Annotations:
D:8 2 transporters, everene's ghost, novice GnSk


Innate Abilities, Weirdness & Mutations

You reflexively headbutt those who attack you in melee.
You have a pair of horns on your head.
Your magical capacity is low. (-10% MP)


Message History

The naga mage is moderately wounded.
The shock serpent bites you! The shock serpent shocks you!
* * * LOW HITPOINT WARNING * * *
The mana viper bites you!
* * * LOW HITPOINT WARNING * * *
The naga mage hits you but does no damage.
You block the anaconda's attack. The anaconda constricts you.
Your iron troll bites the naga sharpshooter!!
Your iron troll barely misses the naga sharpshooter.
Your iron troll claws the naga sharpshooter!
Okay, then.
As you read the scroll of teleportation, it crumbles to dust.
You feel strangely unstable.
The shock serpent shoots out a bolt of lightning at you!
The bolt of electricity hits you!!
* * * LOW HITPOINT WARNING * * *
The anaconda bites you!
* * * LOW HITPOINT WARNING * * *
The anaconda constricts you. The mana viper bites you!
You die...

##.... ####.....
#######........
####..............
##.................
#..^...............
#..................
#SSS....###........
#N@N##### #........
#(### #........ .)T
#........ ....N
....... .......
....... .......
...#... .......
....#####.. .......
....# #..
....####..


You could see a naga sharpshooter, an anaconda, a shock serpent, a mana viper, a
naga mage, a naga and a friendly iron troll (berserk).

Vanquished Creatures
  Jorgrun (Snake:2)
  A nagaraja (Snake:2)
  Azrael (Snake:2)
  A naga warrior (Snake:3)
  8 hydras
  2 catoblepae
  8 anacondas
  Harold (D:8)
  A centaur warrior (D:14)
  3 two-headed ogres
  3 orc high priests
  2 shock serpents
  2 naga sharpshooters
  7 sea snakes (Snake:2)
  2 unseen horrors (D:10)
  2 naga ritualists (Snake:1)
  An orc knight (Orc:1)
  3 orc sorcerers
  A deep elf mage (D:13)
  3 ugly things
  4 mana vipers
  3 slime creatures
  6 salamanders
  A manticore (D:14)
  21 black mambas
  2 centaur zombies (D:14)
  8 naga magi
  13 elephants
  3 ice statues (IceCv)
  A guardian serpent (Snake:3)
  Maurice (D:10)
  28 spiny frogs
  2 centaur skeletons (D:12)
  2 kobold demonologists (D:11)
  A rime drake (Lair:3)
  6 komodo dragons
  8 trolls
  4 tyrant leeches
  12 blink frogs
  A polar bear (Lair:5)
  12 hippogriffs
  6 dream sheep (Lair:6)
  3 wyverns
  Eustachio (D:5)
  2 shadows
  34 yaks
  4 fire elementals (Snake:2)
  4 basilisks
  2 hungry ghosts
  2 wargs (Orc:1)
  7 vampire mosquitoes
  21 nagas
  10 water moccasins
  3 hell hounds (Snake:2)
  11 porcupines
  8 ice beasts
  24 orc warriors
  3 sky beasts
  8 ogres
  2 phantoms
  6 wolves (Lair:3)
  A necrophage (D:5)
  4 centaurs
  5 crocodiles
  2 big kobolds
  30 bullfrogs
  4 scorpions
  A wyvern skeleton (D:11)
  17 killer bees
  9 wights
  8 electric eels
  A howler monkey (D:6)
  A bullfrog zombie (D:6)
  9 hounds
  6 crimson imps
  7 jellies
  2 bullfrog skeletons
  28 orc priests
  A gnoll shaman (D:7)
  An iron imp (D:6)
  Natasha (thrice) (D:3)
  3 iguanas
  38 orc wizards
  11 worker ants
  2 hound skeletons (D:8)
  Robin (D:2)
  12 gnolls
  A howler monkey skeleton (D:8)
  12 adders
  3 shadow imps
  6 oozes
  3 adder skeletons
  4 worms
  A dart slug (D:2)
  9 leopard geckos
  94 orcs
  2 ball pythons
  7 giant cockroaches
  13 goblins
  9 hobgoblins
  9 jackals
  17 kobolds
  4 quokkas
  10 bats
  7 frilled lizards
  A goblin skeleton (D:6)
  A goblin zombie (D:6)
  2 hobgoblin zombies (D:6)
  A kobold skeleton (D:6)
  2 kobold zombies (D:6)
  2 leopard gecko skeletons
  3 orc skeletons (D:6)
  A quokka skeleton (D:9)
  5 rats
789 creatures vanquished.

Vanquished Creatures (collateral kills)
  Rupert (Lair:5)
  A naga warrior (Snake:3)
  A naga ritualist (Snake:3)
  2 deep elf magi (D:14)
  4 elephants (Lair:5)
  A guardian serpent (Snake:3)
  3 black mambas (Snake:3)
  2 slime creatures (D:14)
  A vampire mosquito (D:14)
  2 centaurs (D:14)
  A big kobold (D:14)
  4 wights (D:12)
  3 killer bees (D:12)
26 creatures vanquished.

Vanquished Creatures (others)
  A centaur warrior (D:14)
  2 naga sharpshooters (Snake:3)
  A cyclops (D:12)
  2 centaurs (D:11)
  8 fungi (Lair:6)
  55 plants
69 creatures vanquished.

Grand Total: 884 creatures vanquished

Notes
Turn   | Place    | Note
-------+----------+-------------------------------------------
     0 | D:1      | Darkshadow the Minotaur Berserker began the quest for the
                  | Orb.
     0 | D:1      | Reached XP level 1. HP: 19/19 MP: 0/0
   205 | D:1      | Reached XP level 2. HP: 26/27 MP: 1/1
   804 | D:2      | Reached skill level 4 in Maces & Flails
   846 | D:2      | Reached XP level 3. HP: 21/33 MP: 2/2
   966 | D:2      | Reached ** piety under Trog
  1091 | D:2      | Noticed Robin
  1099 | D:2      | Killed Robin
  1103 | D:2      | Reached XP level 4. HP: 38/41 MP: 3/3
  1969 | D:3      | Noticed Natasha
  2020 | D:3      | Found a radiant altar of Vehumet.
  2168 | D:3      | Reached XP level 5. HP: 44/47 MP: 4/4
  2178 | D:3      | Killed Natasha
  2183 | D:3      | Noticed Natasha
  2190 | D:3      | Killed Natasha
  2190 | D:3      | Reached skill level 5 in Fighting
  2197 | D:3      | Reached *** piety under Trog
  2248 | D:3      | Reached skill level 5 in Maces & Flails
  2594 | D:3      | Found an opulent altar of Gozag.
  2678 | D:3      | Noticed Natasha
  2691 | D:3      | Killed Natasha
  2691 | D:3      | Reached skill level 1 in Shields
  2691 | D:3      | Reached XP level 6. HP: 55/56 MP: 5/5
  3143 | D:4      | Reached skill level 6 in Maces & Flails
  3146 | D:4      | Reached XP level 7. HP: 61/61 MP: 6/6
  3472 | D:4      | Reached skill level 5 in Armour
  3800 | D:4      | Reached skill level 7 in Maces & Flails
  3866 | D:5      | Entered Level 5 of the Dungeon
  3973 | D:5      | Found a staircase to the Ecumenical Temple.
  3991 | D:5      | Reached XP level 8. HP: 71/71 MP: 7/7
  4248 | D:5      | Noticed Eustachio
  4248 | D:5      | Noticed a hippogriff
  4257 | D:5      | Killed a hippogriff
  4257 | D:5      | Reached skill level 8 in Maces & Flails
  4325 | D:5      | Killed Eustachio
  4647 | D:6      | Reached skill level 5 in Shields
  4648 | D:6      | Reached skill level 9 in Maces & Flails
  4913 | D:5      | Reached XP level 9. HP: 79/79 MP: 8/8
  5165 | D:6      | Found a glowing golden altar of the Shining One.
  5169 | D:6      | Reached **** piety under Trog
  5328 | D:6      | Reached skill level 10 in Maces & Flails
  5775 | D:7      | Found Worrawk's Book Shop.
  5775 | D:7      | Found Rieskiv's Jewellery Emporium.
  5779 | D:7      | Found a shimmering altar of Xom.
  6360 | D:7      | Found Sucrapta's Jewellery Shop.
  6410 | D:7      | Found Uwyd's Armour Shop.
  6502 | D:7      | Found an ancient bone altar of Kikubaaqudgha.
  6737 | D:8      | Reached skill level 11 in Maces & Flails
  6741 | D:8      | Reached ***** piety under Trog
  6741 | D:8      | Reached XP level 10. HP: 90/90 MP: 9/9
  6903 | D:8      | Found a transporter.
  7191 | D:8      | Found a transporter.
  7193 | D:8      | Identified the ring "Etre Deph" {rElec rPois Str+4 Slay+2}
  7251 | D:8      | Noticed Harold
  7261 | D:8      | Killed Harold
  7301 | D:8      | Noticed everene's ghost (novice GnSk)
  7443 | D:9      | Reached skill level 12 in Maces & Flails
  7587 | D:9      | Got an iridescent flail
  7588 | D:9      | Identified the +2 flail of Abuse {speed, *Contam rF+++ rN+
                  | Int+3} (You found it on level 9 of the Dungeon)
  7724 | D:9      | Found a staircase to the Lair.
  8100 | D:10     | Entered Level 10 of the Dungeon
  8210 | D:10     | Found a burning altar of Makhleb.
  8230 | D:10     | Noticed a two-headed ogre
  8239 | D:10     | Killed a two-headed ogre
  8880 | Lair:1   | Entered Level 1 of the Lair of Beasts
  8931 | Lair:1   | Reached skill level 10 in Fighting
  8931 | Lair:1   | Reached XP level 11. HP: 93/99 MP: 10/10
  9122 | Lair:1   | Noticed an eight-headed hydra
  9125 | Lair:1   | Reached skill level 13 in Maces & Flails
  9143 | Lair:1   | Killed an eight-headed hydra
  9146 | Lair:1   | Reached skill level 10 in Armour
  9803 | Lair:2   | Noticed a seven-headed hydra
 10074 | Lair:1   | Killed a seven-headed hydra
 10074 | Lair:1   | Reached skill level 14 in Maces & Flails
 10352 | Lair:2   | Found a staircase to the Shoals.
 10910 | Lair:3   | Reached skill level 10 in Shields
 11091 | Lair:3   | Reached XP level 12. HP: 108/110 MP: 11/11
 11093 | Lair:3   | Found a staircase to the Snake Pit.
 11694 | Lair:3   | Noticed a seven-headed hydra
 11701 | Lair:3   | Killed a seven-headed hydra
 12360 | Lair:4   | Noticed a four-headed hydra
 12379 | Lair:4   | Reached skill level 15 in Maces & Flails
 12393 | Lair:4   | Killed a four-headed hydra
 12393 | Lair:4   | Received a gift from Trog
 12875 | Lair:5   | Reached ****** piety under Trog
 13377 | Lair:5   | Noticed Rupert
 13390 | Lair:5   | Killed Rupert
 13411 | Lair:5   | Reached skill level 16 in Maces & Flails
 13411 | Lair:5   | Reached XP level 13. HP: 111/119 MP: 12/12
 13697 | Lair:6   | Entered Level 6 of the Lair of Beasts
 13725 | Lair:6   | Got a sparkling steel ring
 13727 | Lair:6   | Identified the ring "Peff" {rPois rC+} (You found it on
                  | level 6 of the Lair of Beasts)
 14957 | Lair:6   | Reached skill level 17 in Maces & Flails
 15440 | Lair:6   | Received a gift from Trog
 16026 | Lair:6   | Found a viscous altar of Jiyva.
 16026 | Lair:6   | Found a staircase to the Slime Pits.
 17027 | Lair:6   | Reached XP level 14. HP: 123/129 MP: 13/13
 18012 | D:11     | You are sucked into a shaft and drop 2 floors!
 18027 | D:13     | Found a frozen archway.
 18042 | IceCv    | Entered an ice cave
 18321 | IceCv    | Got jewelled ice dragon scales
 18332 | IceCv    | Identified the +8 ice dragon scales of the Jolly Spirits
                  | {rF- rC++ Regen+ Str-4 Int+8} (You found it in an ice cave)
 18428 | D:13     | You are sucked into a shaft and drop 1 floor!
 18584 | D:14     | Found a shattered altar of Ashenzari.
 19528 | D:10     | Noticed Maurice
 19541 | D:10     | Killed Maurice
 19563 | D:10     | Received a gift from Trog
 20073 | D:11     | Found a blossoming altar of Fedhas.
 20863 | D:12     | Found a staircase to the Orcish Mines.
 21325 | D:12     | Reached skill level 18 in Maces & Flails
 21651 | Orc:1    | Entered Level 1 of the Orcish Mines
 21742 | Orc:1    | Found a roughly hewn altar of Beogh.
 21885 | Orc:2    | Entered Level 2 of the Orcish Mines
 21905 | Orc:2    | Received a gift from Trog
 21919 | Orc:2    | Got an ancient morningstar {god gift}
 21925 | Orc:1    | Identified the +8 morningstar of Benevolence {crush, +Rage
                  | SInv} (Trog gifted it to you on level 2 of the Orcish
                  | Mines)
 21979 | Orc:1    | Gained mutation: Your magical capacity is low. (-10% MP)
                  | [mutagenic glow]
 22529 | Orc:2    | Received a gift from Trog
 22680 | Orc:2    | Found a staircase to the Elven Halls.
 22902 | Orc:2    | Found Utuschy's Gadget Emporium.
 22902 | Orc:2    | Found Xuxesiz's Book Emporium.
 22903 | Orc:2    | Found Yshyraf's Distillery.
 22915 | Orc:2    | Found Yfirhase's Armour Shoppe.
 22919 | Orc:2    | Bought a potion of heal wounds for 55 gold pieces
 22919 | Orc:2    | Bought a potion of haste for 110 gold pieces
 22919 | Orc:2    | Bought a potion of agility for 44 gold pieces
 23052 | Orc:1    | Reached skill level 15 in Fighting
 23683 | Snake:1  | Entered Level 1 of the Snake Pit
 23830 | Snake:1  | Reached XP level 15. HP: 97/141 MP: 12/12
 24302 | Snake:1  | Found Dasieck's Antique Weapon Emporium.
 24393 | Snake:1  | Found Sihife's Gadget Shop.
 24393 | Snake:1  | Found Roabuin's Jewellery Shoppe.
 24394 | Snake:1  | Found Rublun's Gadget Shop.
 24661 | Snake:2  | Noticed a nagaraja
 24679 | Snake:2  | Killed a nagaraja
 25120 | Snake:2  | Reached skill level 15 in Shields
 25450 | Snake:2  | Noticed Azrael
 25461 | Snake:2  | Killed Azrael
 25470 | Snake:2  | Received a gift from Trog
 25762 | Snake:2  | Noticed Jorgrun
 25782 | Snake:2  | Killed Jorgrun
 25782 | Snake:2  | Reached skill level 5 in Dodging
 26570 | Snake:3  | Reached skill level 15 in Armour
 26757 | Snake:3  | HP: 6/146 [anaconda (10)]
 26757 | Snake:3  | Mangled by a mana viper

Levels and vault maps discovered:
D:1:      dpeg_arrival_court, layout_loops_ring
D:2:      layout_basic, uniq_robin
D:3:      layout_rooms, grunt_gozag_breadcrumbs, fiery_altar_vehumet,
          first_ration, corner_web_ring, uniq_natasha
D:4:      layout_basic
D:5:      layout_gridville, minmay_temple_entry_arrows, nrook_pool_corridor,
          st_stairs_9, uniq_eustachio
D:6:      layout_basic, nicolae_tso_besieged_by_evil
D:7:      layout_basic, xom_teletrap_fun, serial_shops, shop, shop, shop,
          nicolae_shop_behind_doors, basic_altar, serial_park_tiny_pond
D:8:      layout_loops_ring, gammafunk_ghost_gnarly_gnolls,
          hangedman_little_slice_of_home, uniq_harold
D:9:      layout_basic, david_lair_shrubbed
D:10:     layout_stronghold, basic_altar, uniq_maurice
D:11:     layout_roguey, fedhas_bush_and_centaur_altar
D:12:     layout_loops_corners, david_orc_2
D:13:     layout_rooms, portal_ice_cave_entry_pillars_1, special_room
          [special_room_orc], hangedman_decor_opposing, st_stairs_10,
          amethyst_killhole, grunt_ministairs_10, sword_in_stone
D:14:     layout_cave_pods, hangedman_vaults_entry_quadrant_bands,
          ashenzari_altar_1
Lair:1:   layout_big_grid, grunt_megastairs_5
Lair:2:   layout_cave_shapes, elwin_shoals_entry_rocks
Lair:3:   layout_regular_city, dummy_snake_entry, guppyfry_lair_drakes
Lair:4:   layout_loops_ring, chequers_serial_rivers_micro_c
Lair:5:   layout_roguey, beast_lair_carwin_7, uniq_rupert
Lair:6:   minmay_lair_end_frog_pond, layout_small_grid, slime_altar_1,
          nicolae_lair_grove_arrangements, infiniplex_staircase_pool,
          serial_bayou_shore_a
Snake:1:  layout_grid_shapes, serial_shops, shop, minmay_shop_grove
Snake:2:  layout_onion_interference, serial_bayou, serial_bayou_lake_a,
          serial_bayou_pond_a, serial_bayou_crossing, serial_bayou_pond_d,
          uniq_jorgrun, uniq_azrael
Snake:3:  nrook_guardian_serpent_snake_passage, layout_onion,
          hangedman_corner_corridor
Orc:1:    layout_caves, serial_shops, mines2_david
Orc:2:    st_orc_mages, layout_caves

Skill      XL: |  1  2  3  4  5  6  7  8  9 10 11 12 13 14 15 |
---------------+----------------------------------------------+-----
Fighting       | 4 5 6 7 8 10 11 12 13 15 16 | 16.9
Maces & Flails | 4 5 6 7 9 11 12 14 16 17 18 | 18.3
Armour         | 3 4 5 6 8 9 10 12 13 14 15 | 15.1
Dodging        | 3 6 |  6.4
Shields        | 1 2 3 5 6 8 10 11 12 14 15 | 15.0

Action                   |  1- 3 |  4- 6 |  7- 9 | 10-12 | 13-15 || total
-------------------------+-------+-------+-------+-------+-------++-------
Melee: Mace              |    72 |   167 |    82 |       |       ||   321
       Headbutt          |     8 |    21 |    64 |   157 |   367 ||   617
       Flail             |       |       |   310 |   647 |   941 ||  1898
       Morningstar       |       |       |     5 |       |   614 ||   619
Invok: Berserk           |     2 |     4 |     6 |     7 |     9 ||    28
       Trog's Hand       |     1 |     5 |     5 |     5 |     8 ||    24
       Brothers in Arms  |       |       |       |     1 |     7 ||     8
  Use: Scroll            |       |     5 |    13 |     1 |     7 ||    26
       Potion            |       |       |       |     4 |       ||     4
 Stab: Distracted        |       |       |       |       |     1 ||     1
  Eat: Chunk             |     2 |    12 |    18 |    27 |    44 ||   103
       Ration            |       |       |     1 |     2 |     4 ||     7
Armor: Animal skin       |    29 |    63 |       |       |       ||    92
       Plate armour      |       |    46 |   330 |   372 |   201 ||   949
       Ice dragon scales |       |       |       |       |   310 ||   310
Dodge: Dodged            |    47 |   118 |   112 |   131 |   348 ||   756
Block: Buckler           |       |    14 |       |       |       ||    14
       Shield            |       |    59 |   258 |   284 |  1046 ||  1647
       Reflection        |       |       |       |       |    50 ||    50

Table legend:
 A = Non-vault XP
 B = Vault XP
 C = Vault XP percentage of total XP
 D = Non-vault monster count
 E = Vault monster count
 F = Vault count percentage of total count
                 A         B        C        D         E       F
            +---------+---------+-------+---------+---------+-------
      Total |  109934 |   39976 |  26.7 |     632 |     189 |  23.0
            +---------+---------+-------+---------+---------+-------
        D:1 |      23 |       0 |   0.0 |      15 |       0 |   0.0
        D:2 |      71 |      37 |  34.3 |      31 |      12 |  27.9
        D:3 |     296 |      36 |  10.8 |      37 |       1 |   2.6
        D:4 |     882 |       0 |   0.0 |      31 |       0 |   0.0
        D:5 |     873 |     332 |  27.6 |      20 |       2 |   9.1
        D:6 |    1469 |      49 |   3.2 |      35 |      11 |  23.9
        D:7 |     858 |       0 |   0.0 |      20 |       0 |   0.0
        D:8 |    1651 |    1105 |  40.1 |      31 |       9 |  22.5
        D:9 |    1503 |     316 |  17.4 |      21 |       1 |   4.5
       D:10 |    3516 |     439 |  11.1 |      19 |       1 |   5.0
       D:11 |    4036 |     119 |   2.9 |      35 |       1 |   2.8
       D:12 |    4849 |     151 |   3.0 |      33 |       7 |  17.5
       D:13 |     475 |    1223 |  72.0 |       2 |       7 |  77.8
       D:14 |    6198 |     870 |  12.3 |      19 |       3 |  13.6
     Lair:1 |    6599 |     849 |  11.4 |      24 |       5 |  17.2
     Lair:2 |    1058 |       0 |   0.0 |       5 |       0 |   0.0
     Lair:3 |    3968 |    1567 |  28.3 |      21 |       3 |  12.5
     Lair:4 |    4340 |       0 |   0.0 |      20 |       0 |   0.0
     Lair:5 |    8003 |    6556 |  45.0 |      24 |      17 |  41.5
     Lair:6 |   10093 |   11794 |  53.9 |      26 |      43 |  62.3
    Snake:1 |   10696 |       0 |   0.0 |      23 |       0 |   0.0
    Snake:2 |   17501 |    5246 |  23.1 |      32 |       9 |  22.0
    Snake:3 |   15286 |    1120 |   6.8 |      37 |       3 |   7.5
      Orc:1 |    3316 |    1117 |  25.2 |      37 |      12 |  24.5
      Orc:2 |    2374 |    3801 |  61.6 |      34 |      31 |  47.7
      IceCv |       0 |    3249 | 100.0 |       0 |      11 | 100.0
            +---------+---------+-------+---------+---------+-------
